 Dungeon Crawl Stone Soup version 0.27-a0-333-gfa571bf19a (webtiles) character file.

Game seed: 12654044209276519714

421 gimp the Cudgeller (level 7, 0/52 HPs)
             Began as a Formicid Hedge Wizard on Feb 13, 2021.
             Killed from afar by a white imp (11 damage)
             ... with a puff of frost
             ... on level 6 of the Dungeon.
             The game lasted 00:17:24 (2009 turns).

gimp the Cudgeller (Formicid Hedge Wizard)          Turns: 2009, Time: 00:17:25

Health: 0/52       AC:  3    Str: 16    XL:     7   Next: 16%
Magic:  12/13      EV: 12    Int: 14    God:
Gold:   96         SH:  0    Dex: 10    Spells: 13/14 levels left

rFire    . . .     SeeInvis +   c - +0 mace (drain)
rCold    . . .     Faith    .   (no shield)
rNeg     . . .     Spirit   .   g - +0 leather armour
rPois    .         Reflect  .   (helmet unavailable)
rElec    .         Harm     .   (no cloak)
rCorr    .         Rampage  .   (no gloves)
Will     .....                  (no boots)
Stlth    ++........             (no amulet)
HPRegen  0.17/turn              (no ring)
MPRegen  0.13/turn              (no ring)

@: no status effects
A: permanent stasis, dig shafts and tunnels, four strong arms, antennae 3
a: Dig, Shaft Self


You were on level 6 of the Dungeon.
You visited 1 branch of the dungeon, and saw 5 of its levels.

You collected 96 gold pieces.

Inventory:

Hand Weapons
 a - a +1 mace
 c - a +0 mace of draining (weapon)
Missiles
 e - 8 curare-tipped darts
Armour
 b - a +0 robe
 g - a +0 leather armour (worn)
 h - a +0 ring mail
Wands
 d - a wand of acid (4)
Scrolls
 i - a scroll of identify
 j - a scroll of amnesia
Potions
 f - a potion of flight


   Skills:
 - Level 3.0 Fighting
 * Level 4.4 Maces & Flails
 - Level 3.0 Dodging
 - Level 2.4 Stealth
 - Level 4.0 Spellcasting
 - Level 2.0 Conjurations
 - Level 1.0 Summonings
 - Level 0.8 Translocations


You had 13 spell levels left.
You knew the following spells:

 Your Spells              Type           Power        Failure   Level
a - Magic Dart            Conj           32%          11%         1

Your spell library contained the following spells:

 Spells                   Type           Power        Failure   Level
 Summon Small Mammal      Summ           20%          16%         1
 Call Imp                 Summ           5%           24%         2
 Slow                     Hex            2%           34%         2
 Call Canine Familiar     Summ           5%           43%         3
 Conjure Flame            Conj/Fire      5%           43%         3
 Mephitic Cloud           Conj/Pois/Air  4%           50%         3
 Summon Guardian Golem    Hex/Summ       4%           50%         3
 Summon Ice Beast         Ice/Summ       4%           88%         4
 Summon Lightning Spire   Summ/Air       4%           88%         4
 Blink                    Tloc           Unusable     N/A         2

Dungeon Overview and Level Annotations

Branches:
Dungeon (6/15)
 Temple: D:4-7

Altars:
Qazlal
Xom

Annotations:
D:3 3 runed translucent doors, Zekkers's ghost, weakling TrMo


Innate Abilities, Weirdness & Mutations

You cannot be hasted, slowed, berserked, paralysed or teleported.
You can dig through walls and to a lower floor.
Your four strong arms can wield two-handed weapons with a shield.
You have a pair of large antennae on your head. (SInv)


Message History

The acid corrodes the bullfrog!
You kill the bullfrog!
The bolt of acid hits the wyvern skeleton!
The wyvern skeleton is splashed with acid.
The acid corrodes the wyvern skeleton!
The wyvern skeleton is heavily damaged.
Your Maces & Flails skill increases to level 4!
You have reached level 7!
You regained 2 hp, and now have 26/51 hp.
You hit the wyvern skeleton.
The wyvern skeleton is severely damaged.
The wyvern skeleton barely misses you.
You sock the wyvern skeleton!
The wyvern skeleton is almost destroyed.
The wyvern skeleton closely misses you. The wyvern skeleton bites you!
* * * LOW HITPOINT WARNING * * *
You take 13 damage, and have 14/51 hp.
MASSIVE DAMAGE!!
You are too injured to fight recklessly!
You hit the wyvern skeleton.
The wyvern skeleton is almost destroyed.
The wyvern skeleton closely misses you. The wyvern skeleton bites you.
* * * LOW HITPOINT WARNING * * *
You take 4 damage, and have 10/51 hp.
Aiming: Corrosive Bolt
Press: ? - help, Shift-Dir - straight line, f/p - wyvern skeleton
Aim: a wyvern skeleton (almost destroyed, covered in acid, 2% to evade)
The bolt of acid hits the wyvern skeleton!
The wyvern skeleton is splashed with acid.
The wyvern skeleton seems to be corroded for longer.
You destroy the wyvern skeleton!
Training target 3.0 for Fighting reached!
Your Fighting skill increases to level 3!
Unknown command.
Unknown command.
You see here a bullfrog corpse.
A white imp comes into view.
The white imp shouts, "Get thee hence, thou fobbing swag-bellied minnow reeky!"
The white imp gestures at you. The puff of frost hits you!
You die...

......# #..#
####..# #..#
#..#
#..####.###
#..#
#..[.......
####..####
###.########.
...?.....#
##†........
#.###.##.#
##.###### #.#
#.##.# #.#
#.# #....#
#@#
#.###....###
#.#
#.##......(#
#.#
.#.#.....[.#
#.#
###........#
#.#
.#.###...###
#5#
#.####...#
#.#
#..).....#
#.#
##########


You could see a white imp.

Vanquished Creatures
  An ice beast (D:6)
  2 ogres (D:6)
  A bullfrog (D:6)
  A wyvern skeleton (D:6)
  A hound (D:4)
  A hound skeleton (D:6)
  A worker ant zombie (D:6)
  2 white imps (D:6)
  A worm (D:2)
  2 leopard geckos (D:1)
  5 orcs
  2 bats (D:1)
  A giant cockroach (D:1)
  6 hobgoblins
  A jackal (D:4)
  4 frilled lizards
  5 goblins
  2 kobolds
  4 rats (D:1)
43 creatures vanquished.

Vanquished Creatures (others)
  An ice beast (D:6)
  A bullfrog (D:6)
  A hound (D:6)
  An adder (D:6)
4 creatures vanquished.

Grand Total: 47 creatures vanquished

Notes
Turn   | Place    | Note
-------+----------+-------------------------------------------
     0 | D:1      | gimp the Formicid Hedge Wizard began the quest for the Orb.
     0 | D:1      | Reached XP level 1. HP: 13/13 MP: 4/4
    48 | D:1      | Reached skill level 1 in Conjurations
   326 | D:1      | Reached XP level 2. HP: 16/19 MP: 0/6
   798 | D:1      | Reached XP level 3. HP: 24/24 MP: 5/8
  1156 | D:2      | Noticed a centaur
  1466 | D:3      | Found a runed translucent gate.
  1466 | D:3      | Found a runed translucent gate.
  1466 | D:3      | Found a runed translucent gate.
  1533 | D:3      | Noticed Zekkers's ghost (weakling TrMo)
  1597 | D:3      | Noticed an orc warrior
  1699 | D:4      | Found a stormy altar of Qazlal.
  1738 | D:4      | Reached XP level 4. HP: 29/30 MP: 6/10
  1744 | D:4      | You fall into a shaft and drop 2 floors!
  1747 | D:6      | Killed a bullfrog
  1754 | D:6      | Killed an ice beast
  1759 | D:6      | Noticed an ogre
  1759 | D:6      | Found a shimmering altar of Xom.
  1766 | D:6      | Killed an ogre
  1767 | D:6      | Reached skill level 1 in Maces & Flails
  1767 | D:6      | Reached XP level 5. HP: 23/35 MP: 4/11
  1915 | D:6      | Reached skill level 1 in Fighting
  1947 | D:6      | Noticed an ogre
  1950 | D:6      | Killed an ogre
  1951 | D:6      | Reached XP level 6. HP: 44/44 MP: 8/12
  1966 | D:6      | Noticed an ice beast
  1975 | D:6      | Killed an ice beast
  2002 | D:6      | Reached XP level 7. HP: 26/51 MP: 11/13
  2009 | D:6      | Killed from afar by a white imp

Illustrated notes

Levels and vault maps discovered:
D:1:      roderic_dead_forest, layout_basic
D:2:      layout_loops_ring, grunt_temple_overflow_open
D:3:      layout_basic, gammafunk_ghost_icy, uniq_grinder
D:4:      layout_basic, grunt_temple_overflow_forces_of_nature, temple_green,
          uniq_edmund
D:6:      layout_loops_ring, xom_confusion_cloud, gup_sewer_entry_bubbles

Skill      XL: |  1  2  3  4  5  6  7 |
---------------+----------------------+-----
Conjurations   | 1 2 |  2.0
Dodging        | 2 3 |  3.0
Spellcasting   | 4 |  4.0
Maces & Flails | 1 3 4 |  4.4
Fighting       | 1 2 3 |  3.0
Stealth        | |  2.4
Summonings     | |  1.0
Translocations | |  0.8

Action                   |  1- 3 |  4- 6 |  7- 9 || total
-------------------------+-------+-------+-------++-------
Melee: Mace              |    21 |    17 |     3 ||    41
       Dagger            |     2 |       |       ||     2
 Cast: Magic Dart        |    74 |    21 |       ||    95
 Abil: Dig               |     2 |     1 |       ||     3
       Shaft Self        |       |     1 |       ||     1
Evoke: Wand              |       |     8 |     1 ||     9
  Use: Scroll            |     1 |     5 |       ||     6
       Potion            |     1 |       |       ||     1
Armor: Leather armour    |     6 |     5 |       ||    11
Dodge: Dodged            |    40 |    19 |     3 ||    62

Table legend: (Time is in decaauts)
 A = Elapsed time spent in this place.
 B = Non-inter-level travel time spent in this place.
 C = Inter-level travel time spent in this place.
 D = Time resting spent in this place.
 E = Time spent auto-exploring this place.
 F = Levels seen in this place.
 G = Mean time per level.
                   A        B        C        D        E       F      G
               +--------+--------+--------+--------+--------+-----+--------+
         Total |   2024 |   1912 |    112 |     63 |   1265 |   5 |  404.8 |
       Dungeon |   2024 |   1912 |    112 |     63 |   1265 |   5 |  404.8 |
               +--------+--------+--------+--------+--------+-----+--------+

Top non-repeatable levels by time:
     D:1: 1247 daAuts
     D:3: 326 daAuts
     D:6: 268 daAuts
     D:2: 96 daAuts
     D:4: 85 daAuts
